[Event "Team 45 45 League T73"]
[Site "Internet Chess Club"]
[Date "2017.07.01"]
[Round "3"]
[White "Agarnez"]
[Black "anna"]
[Result "0-1"]
[WhiteElo "1912"]
[BlackElo "1838"]
[Opening "QGD Slav: 4.Nc3"]
[ECO "D15"]
[Time "18:00:26"]
[TimeControl "2700+45"]

1. d4 d5 2. c4 c6 3. Nf3 Nf6 4. Nc3 a6 5. e3 b5 6. b3 e6 7. Bd3 Nbd7 8. O-O Bd6
9. Qc2 O-O 10. Bb2 Bb7 11. Rac1 bxc4 12. bxc4 dxc4 13. Bxc4 c5 14. Qe2 Bxf3 15.
Qxf3 cxd4 16. exd4 Bxh2+ 17. Kh1 Bd6 18. Bb3 Rc8 19. g3 Qa5 20. Ne4 Nxe4 21.
Qxe4 Nf6 22. Qb7 Rb8 23. Qc6 Rfd8 24. Kg2 Qb5 25. Qxb5 axb5 26. Rc6 Bf8 27. Rfc1
Nd5 28. Bxd5 Rxd5 29. Rc8 Rd8 30. R8c7 b4 31. Ra7 Ra8 32. Rcc7 Rxa7 33. Rxa7 f6
34. Ra6 Rc8 {White resigns} 0-1

[Event "Team 45 45 League T73"]
[Site "Internet Chess Club"]
[Date "2017.06.30"]
[Round "3"]
[White "vjbaker"]
[Black "Bryant-L"]
[Result "1-0"]
[WhiteElo "1855"]
[BlackElo "1692"]
[Opening "Robatsch defense: Pseudo-Austrian attack"]
[ECO "B06"]
[Time "13:31:49"]
[TimeControl "2700+45"]

1. e4 g6 2. d4 Bg7 3. Nc3 d6 4. f4 Nc6 5. Nf3 Bg4 6. Bb5 Bxf3 7. gxf3 a6 8.
Bxc6+ bxc6 9. h4 Nf6 10. Be3 Rb8 11. Rb1 Qd7 12. Qe2 a5 13. Qa6 d5 14. e5 Nh5
15. Na4 O-O 16. Nc5 Qf5 17. Kd2 Rb6 18. Qd3 Qxd3+ 19. Nxd3 Ng3 20. Rhg1 Nf5 21.
Bf2 Rfb8 22. b3 Bh6 23. h5 Rf8 24. c3 Ng7 25. Bh4 Re8 26. hxg6 fxg6 27. a4 Ne6
28. Ke3 Reb8 29. b4 axb4 30. cxb4 Rf8 31. Bxe7 Bxf4+ 32. Kf2 Rf7 33. Bc5 Ra6 34.
Ra1 Bd2 35. Ra3 Nf4 36. Nxf4 Rxf4 37. Rd1 Bc3 38. Rxc3 Rxa4 39. Rdd3 Ra2+ 40.
Ke3 g5 41. Ra3 Rg2 42. Ra8+ Kg7 43. Rc8 Rf7 44. e6 Rf6 45. Rxc7+ Kg6 46. Rxc6
Kf5 47. Ra3 h5 48. Raa6 h4 49. e7 Rxc6 50. Rxc6 {Black resigns} 1-0

[Event "Team 45 45 League T73"]
[Site "Internet Chess Club"]
[Date "2017.07.01"]
[Round "3"]
[White "justice02"]
[Black "moodle"]
[Result "1-0"]
[WhiteElo "1667"]
[BlackElo "1605"]
[Opening "Sicilian: Alapin's variation (2.c3)"]
[ECO "B22"]
[Time "16:01:35"]
[TimeControl "2700+45"]

1. e4 c5 2. c3 e6 3. d4 cxd4 4. cxd4 Nf6 5. Nc3 Bb4 6. Bd3 Nc6 7. Ne2 Qa5 8. O-O
O-O 9. e5 Nd5 10. Ne4 Be7 11. a3 Qc7 12. Bg5 b6 13. Bxe7 Ndxe7 14. Rc1 Bb7 15.
Nd6 Nc8 16. Nxb7 Qxb7 17. Be4 N8e7 18. Rc3 Rac8 19. Qd3 Ng6 20. Rfc1 Rc7 21. b4
a6 22. h4 f5 23. exf6 Rxf6 24. h5 Nf8 25. Qg3 d5 26. Bd3 h6 27. Qd6 e5 28. Qxd5+
Kh8 29. dxe5 Re6 30. f4 b5 31. Be4 Rd7 32. Qc5 Nh7 33. Bxc6 Rxc6 34. Qxc6 Qxc6
35. Rxc6 {Black resigns} 1-0

[Event "Team 45 45 League T73"]
[Site "Internet Chess Club"]
[Date "2017.07.03"]
[Round "3"]
[White "Littlemon"]
[Black "QuieroAprender"]
[Result "1-0"]
[WhiteElo "1588"]
[BlackElo "1592"]
[Opening "King's Indian defense, 3.Nc3"]
[ECO "E70"]
[Time "13:02:17"]
[TimeControl "2700+45"]

1. d4 Nf6 2. c4 g6 3. Nc3 d6 4. e4 Bg7 5. Bd3 O-O 6. Nge2 Nbd7 7. O-O Ne8 8. f4
e5 9. fxe5 dxe5 10. d5 Nc5 11. Bc2 Nd6 12. b4 Nd7 13. c5 Ne8 14. Be3 b6 15. Rb1
Nb8 16. Qe1 f5 17. h3 f4 18. Bf2 f3 19. Ng3 h5 20. gxf3 Bxh3 21. Be3 Bxf1 22.
Qxf1 Qh4 23. Qg2 Kh7 24. Rf1 Bh6 25. Bf2 Qf4 26. Be1 Qe3+ 27. Kh1 bxc5 28. bxc5
Qxc5 29. Rg1 Be3 30. Rf1 Qe7 31. Qh2 Bf4 32. Rg1 Nd6 33. Nce2 Bh6 34. f4 exf4
35. Nxh5 gxh5 36. e5+ Nf5 37. Qxh5 Qf7 38. Qh3 Qxd5+ 39. Rg2 Qxe5 40. Bc3 Qd5
41. Kh2 Rf7 42. Nd4 f3 43. Nxf5 fxg2 44. Qxh6+ Kg8 45. Qh8# {Black checkmated}
1-0

[Event "Team 45 45 League T73"]
[Site "Internet Chess Club"]
[Date "2017.07.01"]
[Round "3"]
[White "laurenpar"]
[Black "fledermaus"]
[Result "1/2-1/2"]
[WhiteElo "1932"]
[BlackElo "1858"]
[Opening "French defense, Steiner variation"]
[ECO "A13"]
[Time "07:06:03"]
[TimeControl "2700+45"]

1. c4 e6 2. e4 c5 3. g3 Nc6 4. Bg2 g6 5. Nc3 Bg7 6. Nge2 Nge7 7. d3 O-O 8. O-O
d6 9. Rb1 Rb8 10. a3 b6 11. b4 Bb7 12. b5 Nd4 13. Bb2 d5 14. exd5 exd5 15. Nxd4
Bxd4 16. Nxd5 Nxd5 17. Bxd4 cxd4 18. cxd5 Bxd5 19. Bxd5 Qxd5 20. Qa4 Rb7 21.
Rfe1 Rc8 22. Re4 Rd7 23. Qb4 Qc5 24. Qxc5 Rxc5 25. Rb4 {Game drawn by mutual
agreement} 1/2-1/2

[Event "Team 45 45 League T73"]
[Site "Internet Chess Club"]
[Date "2017.06.30"]
[Round "3"]
[White "LazyPeon"]
[Black "cadmiumorange"]
[Result "1/2-1/2"]
[WhiteElo "1639"]
[BlackElo "1781"]
[Opening "King's Indian: fianchetto with ...Nc6"]
[ECO "E62"]
[Time "14:01:51"]
[TimeControl "2700+45"]

1. d4 g6 2. Nf3 Bg7 3. c4 d6 4. g3 Nf6 5. Bg2 O-O 6. Nc3 Nc6 7. O-O Rb8 8. h3 a6
9. e4 b5 10. cxb5 axb5 11. Re1 b4 12. Nd5 e6 13. Nxf6+ Bxf6 14. Bh6 Bg7 15. Bxg7
Kxg7 16. Rc1 Bd7 17. Qc2 Rb5 18. Qc4 Qb8 19. e5 d5 20. Qe2 b3 21. a3 Na5 22. Nd2
Rb7 23. Rc5 Bb5 24. Qe3 Nc4 25. Nxc4 Bxc4 26. Qg5 Rb5 27. Qf6+ Kg8 28. Qe7 Rxc5
29. Qxc5 Qb6 30. Qxb6 cxb6 31. Rc1 Ra8 32. Bf1 b5 33. Bg2 Ra4 34. Bf3 b4 35.
axb4 Ra2 36. Bd1 Rxb2 37. Kg2 Kf8 38. h4 Ke7 39. h5 Kd7 40. hxg6 hxg6 41. Kf3
Kc6 42. Kg4 Kb5 43. f4 Kxb4 44. Kg5 Ra2 45. Bxb3 Kxb3 46. Kf6 Ra7 47. g4 Kb2 48.
Rh1 Kc3 49. f5 exf5 50. gxf5 gxf5 51. Rh7 Kxd4 52. e6 fxe6 53. Rxa7 f4 54. Kxe6
f3 55. Rf7 Ke3 56. Ke5 d4 57. Rxf3+ Kxf3 58. Kxd4 {Game drawn because neither
player has mating material} 1/2-1/2

[Event "Team 45 45 League T73"]
[Site "Internet Chess Club"]
[Date "2017.07.01"]
[Round "3"]
[White "ChessRooklift"]
[Black "LookImYourVader"]
[Result "1/2-1/2"]
[WhiteElo "1728"]
[BlackElo "1725"]
[Opening "Queen's bishop game"]
[ECO "D02"]
[Time "15:01:15"]
[TimeControl "2700+45"]

1. d4 d5 2. Nf3 Nf6 3. Bf4 c6 4. h3 Qb6 5. Qc1 Bf5 6. Bxb8 Rxb8 7. Nbd2 Ne4 8.
Nb3 e6 9. g3 c5 10. Bg2 c4 11. Nbd2 Nxd2 12. Qxd2 Qxb2 13. O-O Bd6 14. Nh4 Qxc2
15. Qe3 Be4 16. Rfc1 Qa4 17. Bxe4 dxe4 18. Qxe4 O-O 19. d5 {Game drawn by mutual
agreement} 1/2-1/2

[Event "Team 45 45 League T73"]
[Site "Internet Chess Club"]
[Date "2017.07.05"]
[Round "3"]
[White "filmdirector"]
[Black "ascoli"]
[Result "1/2-1/2"]
[WhiteElo "1692"]
[BlackElo "1571"]
[Opening "French: Steinitz variation"]
[ECO "C11"]
[Time "15:02:38"]
[TimeControl "2700+45"]

1. e4 e6 2. d4 d5 3. Nc3 Nf6 4. e5 Nfd7 5. f4 c5 6. Nf3 Nc6 7. Be2 cxd4 8. Nxd4
Bc5 9. Nb3 Bb6 10. Nb5 O-O 11. Qd3 Nb4 12. Qc3 Ba5 13. Nxa5 Qxa5 14. O-O a6 15.
Nd6 Qc5+ 16. Kh1 Nxc2 17. Rb1 Nd4 18. Bd3 Qxc3 19. bxc3 Nc6 20. Ba3 b6 21. Bc2
Rd8 22. g4 f6 23. exf6 Nxf6 24. h3 b5 25. Bc5 Ne8 26. Nxe8 Rxe8 27. a4 Rb8 28.
axb5 axb5 29. Bd3 Ba6 30. f5 e5 31. f6 Kf7 32. fxg7+ Kxg7 33. Rf5 e4 34. Be2 Re5
35. Rf2 Ree8 36. g5 Nd8 37. Rbf1 Ne6 38. Rf7+ Kg8 39. Be3 Rf8 40. Rxf8+ Rxf8 41.
Rxf8+ Kxf8 42. Bg4 Kf7 43. h4 Bc8 44. Kh2 Bd7 45. Kg3 Ke7 46. h5 Be8 47. Kh4 Kd6
48. Bf5 Ng7 49. Bxh7 Bxh5 50. Bd4 e3 51. Bxe3 Bf7 52. Bd3 Be6 53. Bf4+ Kc5 54.
g6 Bf5 55. Be2 Bxg6 56. Be3+ Kc6 57. Bd2 Ne6 58. Kg4 Nc5 59. Be1 Bd3 60. Bf3 Na4
61. Kf4 Kc5 62. Ke5 Bc4 63. Bf2+ Kc6 64. Be1 Nc5 65. Bh4 Nd7+ 66. Kd4 Nf8 67.
Bg4 Ng6 68. Bg3 Kb6 69. Be6 Ne7 70. Bh4 Nc6+ 71. Ke3 d4+ 72. cxd4 Bxe6 73. Be1
Kc7 74. Ke4 Kd7 75. d5 Bxd5+ 76. Kxd5 b4 77. Bxb4 {Game drawn because neither
player has mating material} 1/2-1/2

[Event "Team 45 45 League T73"]
[Site "Internet Chess Club"]
[Date "2017.07.08"]
[Round "3"]
[White "JJ12"]
[Black "Percival"]
[Result "1-0"]
[WhiteElo "2133"]
[BlackElo "2012"]
[Opening "French: Fort Knox variation"]
[ECO "C10"]
[Time "20:01:50"]
[TimeControl "2700+45"]

1. e4 e6 2. d4 d5 3. Nc3 dxe4 4. Nxe4 Bd7 5. Nf3 Bc6 6. Bd3 Nd7 7. O-O Ngf6 8.
Ng3 Be7 9. Qe2 Bxf3 10. Qxf3 c6 11. b3 O-O 12. Bb2 Qa5 13. a3 Rfe8 14. Rfe1 Rad8
15. Ne4 Nxe4 16. Qxe4 Nf8 17. Rad1 Bf6 18. Bf1 Rd7 19. b4 Qb6 20. c4 Red8 21. c5
Qc7 22. f4 Ng6 23. g3 Ne7 24. Bh3 g6 25. g4 Rd5 26. Bf1 Qd7 27. f5 exf5 28. Qf4
g5 29. Qf2 Kf8 30. Qe2 Ng6 31. gxf5 Nf4 32. Qe4 Bxd4+ 33. Rxd4 Rxd4 34. Qe5 Kg8
35. Re4 {Black resigns} 1-0

[Event "Team 45 45 League T73"]
[Site "Internet Chess Club"]
[Date "2017.07.02"]
[Round "3"]
[White "CaptK"]
[Black "Grann"]
[Result "0-1"]
[WhiteElo "1783"]
[BlackElo "1827"]
[Opening "King's Indian defense, 3.Nc3"]
[ECO "E61"]
[Time "11:00:47"]
[TimeControl "2700+45"]

1. d4 Nf6 2. c4 g6 3. Nc3 Bg7 4. g3 O-O 5. Bg2 d6 6. e4 Nc6 7. Nf3 a6 8. d5 Na5
9. Qd3 c5 10. O-O Rb8 11. Bd2 b5 12. cxb5 axb5 13. b3 b4 14. Ne2 Qb6 15. Bg5 Ba6
16. Qc2 h6 17. Bxf6 Bxf6 18. Rac1 c4 19. bxc4 Rfc8 20. Nf4 Nxc4 21. Rfe1 Ne5 22.
Qb1 Ng4 23. Rc2 Rxc2 24. Qxc2 Rc8 25. Qb3 Qxf2+ 26. Kh1 Rc3 27. Qa4 Rxf3 28. Rc1
Qe3 29. Qe8+ Kg7 {White resigns} 0-1

[Event "Team 45 45 League T73"]
[Site "Internet Chess Club"]
[Date "2017.07.01"]
[Round "3"]
[White "ANGELLR"]
[Black "jjfchess"]
[Result "1-0"]
[WhiteElo "1818"]
[BlackElo "1604"]
[Opening "Queen's bishop game"]
[ECO "D00"]
[Time "20:03:02"]
[TimeControl "2700+45"]

1. d4 d5 2. Bf4 Nf6 3. Nf3 c5 4. e3 Nc6 5. c3 Qb6 6. Qb3 c4 7. Qxb6 axb6 8. Na3
Bf5 9. Nb5 Kd7 10. Be2 e6 11. O-O Be7 12. Ne5+ Nxe5 13. dxe5 Ne4 14. Rfd1 g5 15.
Bg3 h5 16. f3 Nxg3 17. hxg3 Bc5 18. Kf2 Kc6 19. Nd4+ Bxd4 20. exd4 b5 21. a3 g4
22. fxg4 hxg4 23. Rh1 Kd7 24. Rh4 Ke7 25. Rah1 Rxh4 26. gxh4 Rg8 27. g3 f6 28.
exf6+ Kxf6 29. Ke3 e5 30. dxe5+ Kxe5 31. Rf1 Re8 32. Rf4 Kf6+ 33. Kf2 Rg8 34.
Ke3 Ke5 35. Bd1 Rg6 36. Rxf5+ Kxf5 37. Bc2+ Kf6 38. Bxg6 Kxg6 39. Kd4 {Black
resigns} 1-0

[Event "Team 45 45 League T73"]
[Site "Internet Chess Club"]
[Date "2017.07.03"]
[Round "3"]
[White "ascoli"]
[Black "kamalchandran"]
[Result "1-0"]
[WhiteElo "1549"]
[BlackElo "1853"]
[Opening "Ruy Lopez: open, classical defense"]
[ECO "C83"]
[Time "09:11:21"]
[TimeControl "2700+45"]

1. e4 e5 2. Nf3 Nc6 3. Bb5 a6 4. Ba4 Nf6 5. O-O Nxe4 6. d4 b5 7. Bb3 d5 8. dxe5
Be6 9. c3 Be7 10. Nbd2 Nc5 11. Bc2 Bg4 12. Re1 Qd7 13. Nb3 Ne6 14. Qd3 Bh5 15.
Nfd4 Ncxd4 16. Nxd4 Bg6 17. Qd1 Bxc2 18. Nxc2 c5 19. b4 O-O 20. Qg4 Rac8 21. Ne3
cxb4 22. cxb4 Qc6 23. Nf5 Bd8 24. Bh6 Qc4 25. Qg3 Qc3 26. f3 g6 27. Bxf8 Kxf8
28. Nd6 Rc6 29. a3 Nd4 30. Ra2 Rxd6 31. exd6 Nf5 32. Qe5 Qxe5 33. Rxe5 d4 34. d7
{Black resigns} 1-0

[Event "Team 45 45 League T73"]
[Site "Internet Chess Club"]
[Date "2017.07.02"]
[Round "3"]
[White "Monterrey"]
[Black "BigH"]
[Result "1/2-1/2"]
[WhiteElo "1976"]
[BlackElo "1966"]
[Opening "QGD: Chigorin defense"]
[ECO "D07"]
[Time "14:11:45"]
[TimeControl "2700+45"]

1. d4 d5 2. c4 Nc6 3. Nf3 Bg4 4. Nc3 e6 5. Bg5 Be7 6. Bxe7 Ngxe7 7. e3 O-O 8.
cxd5 exd5 9. Be2 Re8 10. O-O Na5 11. b3 Nf5 12. h3 Bxf3 13. Bxf3 c6 14. Bg4 Nd6
15. Rc1 f5 16. Be2 Qg5 17. Qd2 b6 18. Bd3 Re6 19. Rce1 Rae8 20. Re2 Rh6 21. Kh2
Ree6 22. f3 Qe7 23. Rfe1 Nab7 24. Kh1 Qg5 25. e4 Qxd2 26. Rxd2 fxe4 27. fxe4
dxe4 28. Nxe4 Nxe4 29. Rxe4 Nd6 30. Rxe6 Rxe6 31. Rc2 Re3 32. Ba6 Re1+ 33. Kh2
Rd1 34. Rxc6 Rxd4 35. Rc7 h5 36. Kg3 Nf5+ 37. Kf3 Nh4+ 38. Ke3 Nf5+ 39. Ke2 Nh4
40. g3 Nf5 41. Bc4+ Kh8 42. Rc8+ Kh7 43. Bd3 g6 44. Rc7+ Kh6 45. Bxf5 gxf5 46.
Ke3 Re4+ 47. Kf3 h4 48. g4 Kg5 49. gxf5 Rf4+ 50. Ke3 Rxf5 51. Rxa7 Re5+ 52. Kf3
Rf5+ 53. Ke4 Rf2 54. a4 Rb2 55. Rb7 Rxb3 56. a5 Rb4+ 57. Kf3 bxa5 58. Rg7+ Kf6
59. Ra7 a4 60. Ra5 Ke6 61. Ke3 Kd6 62. Kd3 Kc6 63. Kc3 Rf4 64. Ra8 Kd5 65. Ra5+
Ke6 66. Kd3 Kd6 67. Ke3 Rb4 68. Kd3 Rb3+ 69. Kc2 Rxh3 70. Rxa4 Ke5 71. Kd2 Rh1
72. Ke2 Kf5 73. Kf2 Kg5 74. Kg2 Rb1 75. Kh2 Rb2+ 76. Kh3 Rb3+ 77. Kh2 Rb2+ 78.
Kh3 Rb3+ 79. Kh2 Rb2+ 80. Kh3 {Game drawn by repetition} 1/2-1/2

[Event "Team 45 45 League T73"]
[Site "Internet Chess Club"]
[Date "2017.07.08"]
[Round "3"]
[White "SlimeDog2"]
[Black "TheRailgun"]
[Result "1-0"]
[WhiteElo "2053"]
[BlackElo "1850"]
[Opening "Grünfeld: modern exchange variation"]
[ECO "D90"]
[Time "15:01:58"]
[TimeControl "2700+45"]

1. d4 Nf6 2. Nf3 g6 3. c4 Bg7 4. Nc3 d5 5. cxd5 Nxd5 6. e4 Nxc3 7. bxc3 O-O 8.
h3 c5 9. Be2 cxd4 10. cxd4 Nc6 11. Be3 Qa5+ 12. Bd2 Qa3 13. d5 Bxa1 14. Qxa1 Nb4
15. O-O Qxa2 16. Qxa2 Nxa2 17. Ra1 Bd7 18. Rxa2 Rfc8 19. Bb4 e6 20. Ne5 Be8 21.
d6 Rc1+ 22. Kh2 Bc6 23. d7 f6 24. Nxc6 {Black resigns} 1-0

[Event "Team 45 45 League T73"]
[Site "Internet Chess Club"]
[Date "2017.07.04"]
[Round "3"]
[White "Holgate"]
[Black "searchforbobby1"]
[Result "0-1"]
[WhiteElo "1969"]
[BlackElo "1983"]
[Opening "French: Tarrasch, open, 4.ed ed"]
[ECO "C08"]
[Time "10:12:28"]
[TimeControl "2700+45"]

1. e4 e6 2. d4 d5 3. Nd2 c5 4. exd5 exd5 5. Bb5+ Bd7 6. Qe2+ Be7 7. dxc5 Nf6 8.
Nb3 O-O 9. Be3 a6 10. Bd3 Re8 11. Nf3 Ba4 12. Nfd4 Nbd7 13. O-O Bxb3 14. axb3
Bxc5 15. Qd1 Ne5 16. Be2 Rc8 17. c3 Qd7 18. h3 Bd6 19. Re1 Bb8 20. Bf1 Ng6 21.
g3 Ne4 22. Bg2 f5 23. Qf3 Rf8 24. Ne2 Ne5 25. Qh5 g6 26. Qh4 Bd6 27. Rad1 Be7
28. Qf4 Qe6 29. Bd4 Bd6 30. Qe3 Qf7 31. f3 Nxf3+ 32. Qxf3 Rfd8 33. Be3 b5 34. b4
Bb8 35. Rd3 Rd7 36. Red1 Rcd8 37. Ra1 Qe6 38. Nd4 Qf6 39. Bf4 Ba7 40. h4 Re8 41.
Kh2 h5 42. Rdd1 Kh7 43. Bf1 Rde7 44. Qg2 Rd7 45. Be2 Rde7 46. Bf3 Rd7 47. Rd3
Kg7 48. Rad1 Kh7 49. Be3 Bb8 50. Bf4 Bxf4 51. gxf4 Qxh4+ 52. Kg1 Qxf4 53. Ne2
Qe5 54. Qh2 Qf6 55. Rxd5 Rxd5 56. Rxd5 Qg5+ 57. Qg2 Qe3+ 58. Kh2 Ng5 59. Rd7+
Kh6 60. Nd4 h4 61. Bb7 Qf4+ {White resigns} 0-1

[Event "Team 45 45 League T73"]
[Site "Internet Chess Club"]
[Date "2017.06.29"]
[Round "3"]
[White "ChessHouston"]
[Black "achessman"]
[Result "0-1"]
[WhiteElo "1640"]
[BlackElo "1871"]
[Opening "Caro-Kann: classical, Spassky variation"]
[ECO "B18"]
[Time "23:38:09"]
[TimeControl "2700+45"]

1. e4 c6 2. d4 d5 3. Nd2 dxe4 4. Nxe4 Bf5 5. Ng3 Bg6 6. Nf3 Nd7 7. h4 h6 8. h5
Bh7 9. Bd3 Bxd3 10. Qxd3 e6 11. Bd2 Qc7 12. O-O-O Ngf6 13. Kb1 O-O-O 14. c4 Bd6
15. Ne2 c5 16. Rh4 a6 17. Qc2 cxd4 18. Nexd4 Bc5 19. Bc3 Nb6 20. Ba5 e5 21. Qf5+
Nfd7 22. Nb3 Kb8 23. Qxf7 Bxf2 24. Rg4 Rdf8 25. Qe7 Re8 26. Qb4 Nf6 27. c5 Nxg4
28. Qxg4 Qc8 29. Qb4 Nd7 30. Qd2 e4 31. Qxf2 exf3 32. Qxf3 Re7 33. Qg3+ Ka8 34.
Bb4 Rf7 35. a4 Qc6 36. Na5 Qe4+ 37. Rd3 Qxb4 38. Qc7 Ne5 39. Rb3 {White resigns}
0-1

[Event "Team 45 45 League T73"]
[Site "Internet Chess Club"]
[Date "2017.07.01"]
[Round "3"]
[White "tuotuo123"]
[Black "Tobiasdelmonte"]
[Result "1-0"]
[WhiteElo "1463"]
[BlackElo "1614"]
[Opening "Petrov's defense"]
[ECO "C42"]
[Time "20:00:59"]
[TimeControl "2700+45"]

1. e4 e5 2. Nf3 Nf6 3. Nxe5 d6 4. Nf3 Nxe4 5. Bb5+ c6 6. Be2 Be7 7. d3 Nf6 8.
O-O Bg4 9. h3 Bh5 10. Nc3 O-O 11. Bf4 Nbd7 12. Re1 Re8 13. Qd2 Bf8 14. Bf1 Bxf3
15. Rxe8 Qxe8 16. Re1 Qc8 17. gxf3 d5 18. h4 Nc5 19. d4 Ne6 20. Bh3 Qd7 21. Qe3
Re8 22. Be5 Qe7 23. f4 Nd7 24. f5 Nd8 25. Qg3 f6 26. f4 fxe5 27. fxe5 Qb4 28.
Rd1 {Anonymous or guest player Black disconnected and forfeits} 1-0

[Event "Team 45 45 League T73"]
[Site "Internet Chess Club"]
[Date "2017.06.28"]
[Round "3"]
[White "fireball"]
[Black "kwen2008"]
[Result "1-0"]
[WhiteElo "1563"]
[BlackElo "1602"]
[Opening "Vienna gambit"]
[ECO "C29"]
[Time "22:08:57"]
[TimeControl "2700+45"]

1. e4 e5 2. Nc3 Nf6 3. f4 d6 4. Bc4 exf4 5. Nf3 Nc6 6. O-O Ne5 7. Bb3 Be7 8. d3
Ng6 9. Ng5 O-O 10. Bxf4 Nxf4 11. Rxf4 Bg4 12. Qe1 Bh5 13. h3 Bg6 14. g4 d5 15.
Nf3 dxe4 16. dxe4 Bc5+ 17. Kh1 Re8 18. Nh4 Nxe4 19. Nxe4 Bxe4+ 20. Rxe4 Rxe4 21.
Qxe4 Qxh4 22. Qf3 Rf8 23. Rf1 Kh8 24. Kg2 Qe7 25. Bxf7 Bd6 26. Rf2 b6 27. Qf5
Qf6 28. Qxf6 gxf6 29. Bd5 Be5 30. b3 Kg7 31. c4 h6 32. Rf5 Kg6 33. Kf3 Rd8 34.
Be4 Kg7 35. h4 Rd2 36. g5 Rxa2 37. gxf6+ Bxf6 38. Rd5 Kg8 39. h5 Ra3 40. Rd3 a5
41. Bc6 Kf8 42. Ke4 Ra1 43. Kf5 Bg5 44. Kg6 Rg1 45. Rf3+ Ke7 46. Rf7+ Kd6 47.
Ba4 Ke5 48. Kh7 Kd6 49. Rd7+ Ke6 50. Rxc7 Kf5 51. Bd7+ Ke5 52. Rc6 Be3 53. Re6+
Kf4 54. Bc6 Rg5 55. Re4+ Kf3 56. Re6+ Kg3 57. Rxh6 Rf5 58. Rg6+ Kh4 59. h6 Kh5
60. Be8 Kh4 61. Kg8 Bc5 62. Bf7 Bd4 63. h7 Rc5 64. Re6 Rc8+ 65. Re8 Rxe8+ 66.
Bxe8 Kg3 67. h8=Q Bxh8 68. Kxh8 Kf3 69. Kg7 Ke3 70. Kf6 Kd3 71. Ke5 Kc3 72. Ba4
Kb4 73. Kd5 {Black resigns} 1-0

[Event "Team 45 45 League T73 u"]
[Site "Internet Chess Club"]
[Date "2017.07.07"]
[Round "3"]
[White "skywise"]
[Black "Skeptic1972"]
[Result "0-1"]
[WhiteElo "1445"]
[BlackElo "1435"]
[Opening "Ruy Lopez: Steinitz defense deferred (Russian defense)"]
[ECO "C79"]
[Time "15:04:25"]
[TimeControl "2700+45"]

1. e4 e5 2. Nf3 Nc6 3. Bb5 a6 4. Ba4 d6 5. O-O Nf6 6. d3 b5 7. Bb3 Na5 8. h3
Nxb3 9. axb3 Bb7 10. Be3 Be7 11. Qd2 O-O 12. Nc3 c5 13. Nh4 Nxe4 14. Nxe4 Bxe4
15. dxe4 Bxh4 16. Rfd1 Be7 17. Qd5 Qc7 18. c3 Rfc8 19. b4 c4 20. f4 Qc6 21. fxe5
Qxd5 22. Rxd5 dxe5 23. Rxe5 Bf6 24. Rd5 Re8 25. Bd4 Rxe4 26. Bxf6 gxf6 27. Rxb5
Re1+ 28. Rxe1 axb5 29. Kf2 Kf8 30. Ke3 Re8+ 31. Kf2 Rxe1 32. Kxe1 Ke7 33. g4 f5
34. g5 f6 35. gxf6+ Kxf6 36. Kf2 f4 37. Kf3 Kf5 38. h4 h5 39. Ke2 Kg4 40. Kf2 f3
41. Kf1 Kxh4 42. Kf2 Kg4 43. Kf1 Kg3 44. Kg1 f2+ 45. Kf1 Kf3 46. b3 cxb3 47. c4
b2 48. cxb5 b1=Q# {White checkmated} 0-1

[Event "Team 45 45 League T73"]
[Site "Internet Chess Club"]
[Date "2017.06.30"]
[Round "3"]
[White "nidusin2"]
[Black "dinosaurchess"]
[Result "1-0"]
[WhiteElo "1518"]
[BlackElo "1334"]
[Opening "King's Indian: London system"]
[ECO "A48"]
[Time "22:32:08"]
[TimeControl "2700+45"]

1. d4 Nf6 2. Nf3 g6 3. Bf4 Bg7 4. e3 O-O 5. Nbd2 d5 6. Bd3 Nc6 7. c3 Re8 8. O-O
a6 9. a4 e6 10. Qc2 Nh5 11. Bg5 Bf6 12. Bxf6 Nxf6 13. e4 dxe4 14. Nxe4 Nxe4 15.
Bxe4 Bd7 16. h4 Qf6 17. h5 Rad8 18. hxg6 fxg6 19. Rfe1 b6 20. b4 a5 21. b5 Ne7
22. Ne5 Nc8 23. Nxd7 Rxd7 24. Bc6 Rdd8 25. Bxe8 Rxe8 26. Re3 Nd6 27. Rae1 Nc4
28. R3e2 Nd6 29. Qb3 Kf7 30. Re3 Nf5 31. Rf3 Kg7 32. Qc4 Re7 33. Qc6 h5 34. Qe4
Kh7 35. g4 Qg5 36. Rh3 Ng7 37. Kh1 Kg8 38. gxh5 gxh5 39. Rg1 Qh6 40. Qe5 Kh7 41.
Rg5 Rf7 42. Rhxh5 Nxh5 43. Rxh5 Qxh5+ 44. Qxh5+ Kg7 45. f4 Kf8 46. Kg2 Rg7+ 47.
Kf3 Rf7 48. Ke4 Ke7 49. Qg5+ Ke8 50. Qe5 Kd7 51. d5 exd5+ 52. Qxd5+ Ke7 53. f5
Kf8 54. Ke5 Kg7 55. Qe6 Kf8 56. f6 Rh7 57. Qc8+ Kf7 58. Qxc7+ Kg6 59. Qxh7+ Kxh7
60. Ke6 Kg8 61. Ke7 Kh7 62. f7 Kh8 63. f8=Q+ Kh7 64. Qf3 Kg6 65. Ke6 Kg7 66.
Qf6+ Kg8 67. Qe7 Kh8 68. Kf6 Kg8 69. Qg7# {Black checkmated} 1-0

[Event "Team 45 45 League T73"]
[Site "Internet Chess Club"]
[Date "2017.07.01"]
[Round "3"]
[White "Egmont"]
[Black "zepled37"]
[Result "1-0"]
[WhiteElo "1705"]
[BlackElo "1686"]
[Opening "Grünfeld: exchange variation"]
[ECO "D85"]
[Time "09:12:37"]
[TimeControl "2700+45"]

1. d4 Nf6 2. c4 g6 3. Nc3 d5 4. cxd5 Nxd5 5. e4 Nxc3 6. bxc3 c5 7. Be3 Bg7 8.
Rc1 Nc6 9. d5 Ne5 10. Bxc5 Qc7 11. Bd4 O-O 12. Be2 f5 13. f4 Nc4 14. Bxg7 Ne3
15. Qd4 Qxf4 16. Nf3 Rf7 17. Be5 Qxe4 18. Qxe4 fxe4 19. Nd4 Nxg2+ 20. Kd2 Nf4
21. Bc4 Bd7 22. d6 e6 23. Rcf1 Nd5 24. Rxf7 Kxf7 25. Rf1+ Kg8 26. Bb5 Bxb5 27.
Nxb5 Nb6 28. Ke3 a6 29. Nc7 Rf8 30. Rxf8+ Kxf8 31. Nxe6+ Ke8 32. Nc5 Nd7 33.
Nxd7 Kxd7 34. Kxe4 Ke6 35. a4 b5 36. axb5 axb5 37. Kd4 g5 38. Kc5 {Black
resigns} 1-0

[Event "Team 45 45 League T73"]
[Site "Internet Chess Club"]
[Date "2017.07.02"]
[Round "3"]
[White "justice02"]
[Black "zugknightly"]
[Result "1-0"]
[WhiteElo "1681"]
[BlackElo "1606"]
[Opening "French: advance variation"]
[ECO "B22"]
[Time "19:01:00"]
[TimeControl "2700+45"]

1. e4 c5 2. c3 d5 3. e5 e6 4. d4 cxd4 5. cxd4 Nc6 6. a3 Qa5+ 7. Bd2 Qb6 8. Bc3
Be7 9. Nf3 Bd7 10. Nbd2 f6 11. exf6 Bxf6 12. Qb3 Qxb3 13. Nxb3 b6 14. Rc1 Nge7
15. Bd3 O-O 16. O-O g6 17. Rfe1 Nf5 18. Bb5 Ng7 19. Bd2 Nf5 20. Bxc6 Bxc6 21.
Rxc6 {Black resigns} 1-0

[Event "Team 45 45 League T73"]
[Site "Internet Chess Club"]
[Date "2017.06.28"]
[Round "3"]
[White "RD1974"]
[Black "Grenadier"]
[Result "1/2-1/2"]
[WhiteElo "1586"]
[BlackElo "1596"]
[Opening "Caro-Kann: anti-anti-Caro-Kann defense"]
[ECO "B10"]
[Time "18:00:40"]
[TimeControl "2700+45"]

1. e4 c6 2. c4 d5 3. cxd5 cxd5 4. exd5 Qxd5 5. Nc3 Qd6 6. Nf3 Nf6 7. Bb5+ Bd7 8.
Bc4 e6 9. O-O Be7 10. Re1 O-O 11. d4 Bc6 12. Ne5 Nbd7 13. Nxc6 Qxc6 14. Qe2 Rac8
15. Bd3 Bd6 16. Ne4 Bb8 17. Nxf6+ Nxf6 18. Bg5 Qd6 19. Qe5 Qxe5 20. dxe5 Nd7 21.
f4 a6 22. Bh4 Ba7+ 23. Bf2 Bxf2+ 24. Kxf2 Rfd8 25. Rad1 Nc5 26. Bb1 g6 27. b3
Kf8 28. Ke3 Ke7 29. Rd4 b6 30. Red1 Rxd4 31. Rxd4 Rd8 32. Rb4 b5 33. a4 bxa4 34.
bxa4 Rd7 35. Rc4 Rd5 36. Bc2 a5 37. Rd4 Kd7 38. Rxd5+ exd5 39. Kd4 Kc6 40. g4
Ne6+ 41. Ke3 Kc5 42. f5 gxf5 43. gxf5 Nf8 44. Bd3 Nd7 45. e6 fxe6 46. fxe6 Nf6
47. e7 Kd6 48. e8=Q Nxe8 49. Bxh7 Ke5 50. h4 Nf6 51. Bg6 d4+ 52. Kd3 Kd5 53. h5
Kc5 54. h6 Kd5 55. h7 Nxh7 56. Bxh7 Kc5 57. Kd2 Kb4 58. Bc2 Kc4 59. Be4 Kb3 60.
Bc6 Kc4 61. Bb5+ Kc5 62. Kd3 Kd5 63. Be8 Kc5 64. Ke4 Kc4 65. Bb5+ Kc3 66. Kd5 d3
67. Bxd3 Kxd3 68. Kc5 Kc3 69. Kb5 Kd4 70. Kxa5 Kc5 71. Ka6 Kc6 72. Ka7 Kc7 73.
a5 Kc8 74. Ka8 Kc7 75. Ka7 Kc8 76. a6 Kc7 77. Ka8 Kc8 78. Ka7 Kc7 79. Ka8 Kc8
80. a7 Kc7 {White stalemated} 1/2-1/2